 Dungeon Crawl Stone Soup version 0.30.0 (webtiles) character file.

Game seed: 4858966273102824826

9353 NinjaNoafa the Destroyer (level 11, 0/74 (83) HPs)
             Began as a Gnoll Conjurer on May 6, 2023.
             Was an Elder of Vehumet.
             Slain by a shadow (29 damage)
             ... on level 9 of the Dungeon.
             The game lasted 00:29:52 (7551 turns).

NinjaNoafa the Destroyer (Gnoll Conjurer)           Turns: 7551, Time: 00:29:52

HP:   0/74 (83)     AC: 16    Str:  6    XL:     11   Next: 45%
MP:   3/32          EV: 13    Int: 22    God:    Vehumet [****..]
Gold: 1197          SH:  0    Dex: 11    Spells: 3/26 levels left

rFire   . . .        a - +2 short sword (drain)
rCold   . . .        (no shield)
rNeg    . . .        N - +0 acid dragon scales
rPois   .            G - +2 hat
rElec   .            m - +2 cloak
rCorr   +            (no gloves)
SInv    .            F - +2 pair of boots
Will    +....        (no amulet)
Stlth   +++          L - ring of magical power
HPRegen 0.32/turn    r - ring of willpower
MPRegen 0.23/turn

%: no passive effects
@: heavily drained
A: fangs 1, strong nose, distributed training
a: Renounce Religion


You were on level 9 of the Dungeon.
You worshipped Vehumet.
Vehumet was greatly pleased with you.
You visited 2 branches of the dungeon, and saw 10 of its levels.
You also visited: Sewer and Ossuary.

You collected 1197 gold pieces.

Inventory:

Hand Weapons
 a - a +2 short sword of draining (weapon)
 b - a +1 long sword of holy wrath
Missiles
 u - 12 poisoned darts
 z - 7 boomerangs
 B - 2 boomerangs of dispersal
 J - 3 curare-tipped darts
Armour
 k - a +2 tower shield
 m - a +2 cloak (worn)
 F - a +2 pair of boots (worn)
 G - a +2 hat (worn)
 H - a +2 robe of fire resistance
 N - +0 acid dragon scales (worn)
Jewellery
 o - a ring of protection from cold
 r - a ring of willpower (right hand)
 L - a ring of magical power (left hand)
Wands
 e - a wand of flame (4)
 n - a wand of polymorph (13)
 K - a wand of roots (9)
Scrolls
 c - 6 scrolls of magic mapping
 g - 2 scrolls of poison
 h - 3 scrolls of fog
 i - 3 scrolls of blinking
 t - 6 scrolls of teleportation
 x - 2 scrolls of amnesia
 y - a scroll of noise
 A - 3 scrolls of immolation
 E - 3 scrolls of fear
Potions
 d - 4 potions of heal wounds
 f - 2 potions of lignification
 j - a potion of berserk rage
 l - 3 potions of flight
 p - 6 potions of cancellation
 q - 7 potions of brilliance
 s - 3 potions of might
 v - 5 potions of curing
 w - 5 potions of magic
 C - 2 potions of haste
 D - 2 potions of invisibility {unknown}
 I - a potion of mutation {unknown}
 M - 2 potions of attraction {unknown}


   Skills:
 + Level 6.5 Fighting
 + Level 6.5 Short Blades
 + Level 6.5 Long Blades
 + Level 6.5 Axes
 + Level 6.5 Maces & Flails
 + Level 6.5 Polearms
 + Level 6.5 Staves
 + Level 6.5 Ranged Weapons
 + Level 6.5 Throwing
 + Level 6.5 Armour
 + Level 8.1 Dodging
 + Level 7.8 Stealth
 + Level 6.5 Shields
 + Level 6.5 Unarmed Combat
 + Level 8.3 Spellcasting
 + Level 9.0 Conjurations
 + Level 5.4 Hexes
 + Level 5.4 Summonings
 + Level 5.4 Necromancy
 + Level 5.4 Translocations
 + Level 5.4 Transmutations
 + Level 5.4 Fire Magic
 + Level 5.4 Ice Magic
 + Level 5.4 Air Magic
 + Level 5.4 Earth Magic
 + Level 5.4 Poison Magic
 + Level 7.2 Invocations
 + Level 6.5 Evocations


You had 3 spell levels left.
You knew the following spells:

 Your Spells              Type           Power      Damage    Failure   Level
a - Magic Dart            Conj           100%       1d8       1%          1
b - Iskenderun's Battles  Conj           49%        2d10      2%          5
c - Kiss of Death         Conj/Necr      100%       2d13      1%          1
d - Passwall              Tmut/Erth      27%        N/A       2%          2
e - Iskenderun's Mystic   Conj/Tloc      41%        2d9       1%          4
f - Hailstorm             Conj/Ice       41%        3d10      1%          3
g - Dazzling Flash        Conj/Hex       82%        N/A       1%          3
h - Fulminant Prism       Conj/Hex       20%        3d12      1%          4

Your spell library contained the following spells:

 Spells                   Type           Power      Damage    Failure   Level
 Freeze                   Ice            100%       1d10      1%          1
 Slow                     Hex            100%       N/A       1%          1
 Searing Ray              Conj           98%        2d8       1%          2
 Frozen Ramparts          Ice            66%        1d10      1%          3
 Ensorcelled Hibernation  Hex/Ice        66%        N/A       2%          2
 Confusing Touch          Hex            33%        N/A       4%          3
 Swiftness                Air            33%        N/A       4%          3
 Vampiric Draining        Necr           33%        2d8       4%          3
 Dispel Undead            Necr           33%        3d14      14%         4


Dungeon Overview and Level Annotations

Branches:
Dungeon (9/15) Zot: 26410  Temple (1/1) D:4 Zot: 5794   Sewer (visited)
Ossuary (visited)
   Lair: D:8-11         Orc: D:9-12

Altars:
Cheibriados
Dithmenos
Elyvilon
Gozag
Hepliaklqana
Makhleb
Nemelex Xobeh
Okawaru
Qazlal
Ru
Sif Muna
Trog
Uskayaw
Vehumet
Wu Jian
Xom
Yredelemnul
Zin

Shops:
D:8 [*

Annotations:
D:4 2 transporters, TrollFarmer's ghost, amateur SpEn


Innate Abilities, Weirdness & Mutations

You have very sharp teeth.
Your uncanny sense of smell can sniff out nearby items.
Your experience applies equally to all skills.


Message History

Unknown command.
Okay, then.
Casting: Iskenderun's Mystic Blast (dangerous; 1% risk of failure)
Press: ? - help, Q - select action, (/) - cycle Dir - look around, f - activate You erupt in a blast of force!
The mystic blast hits the shadow!!
The shadow is severely damaged.
The shadow is knocked back by the mystic blast.
You hear a shout!
Your battlesphere fires!
The barrage of energy hits the shadow.
The shadow is almost destroyed.
Your battlesphere expends the last of its energy and dissipates.
A centaur comes into view. It is carrying a wand of roots (5).
The centaur wields a +0 shortbow.
The centaur shoots an arrow.
The arrow hits you.
* * * LOW HITPOINT WARNING * * *
Unknown command.
Aiming: Fastroot
Press: ? - help, Shift-Dir - straight line, f - you The roots erupt in riotous growth!
The centaur shoots an arrow.
The arrow hits you.
* * * LOW HITPOINT WARNING * * *
The centaur shoots an arrow.
The arrow misses you.
Aiming: Fastroot
Press: ? - help, Shift-Dir - straight line, f - shadow
Aim: a shadow (almost destroyed, immune to roots)
Okay, then.
Unknown command.
The shadow slips into darkness.
The shadow flickers and vanishes!
Deactivating autopickup; reactivate with Ctrl-A.
Things that are here:
a +0 hand axe; a +0 leather armour; a meliai corpse The centaur shoots an arrow.
The arrow hits you but does no damage.
There is an open door here.
The centaur shoots an arrow.
The arrow barely misses you.
You hit something. Your punch misses something.
The centaur shoots an arrow.
The arrow hits you but does no damage.
The shadow strikes at you from the darkness!
You die...

... .#.≈.♣. ♣.≈.#.. .#.
.#.≈.♣.♣♣♣.≈....
...##############...≈.......≈..#
......##...##...#...≈.≈≈≈≈≈≈≈.###
.................................
.........................†.......
#..........c.............†.......
#.....##.#'###......###..########
#.....##.##).###@...####'###..###
.........##†...###........'......
#........##.#....###......#......
#........##...#).c.####...#......
#........##.#[..#..).'###........
#........##...#....###..###......
#........##.#....### ##†#∆###....
##...##..##....### #{# ∆###..
##..># ..##..### #.# ###


You could see a centaur.

Vanquished Creatures
  2 two-headed ogres
  A boulder beetle (D:8)
  Amaemon (D:8)
  An orange demon (D:8)
  A kobold demonologist (D:9)
  A troll (D:9)
  Grinder (D:3)
  A wraith (D:9)
  9 yaks
  A wyvern (D:8)
  An acid dragon (D:9)
  A water moccasin (D:9)
  A hornet zombie (D:7)
  3 ogres
  3 orc warriors
  A black bear (D:5)
  3 ice beasts
  3 sky beasts (D:8)
  2 centaurs
  A phantom (D:5)
  Blork the orc (D:6)
  2 bullfrogs (Sewer)
  3 kobold brigands
  10 wights
  11 killer bees
  2 howler monkeys
  A centaur zombie (Ossuary)
  3 hounds
  A human zombie (Ossuary)
  3 orc priests
  A jelly (D:7)
  8 iguanas
  2 sleepcaps
  8 orc wizards
  A killer bee zombie (D:7)
  5 mummies (Ossuary)
  7 gnolls
  9 river rats (Sewer)
  14 adders
  2 shadow imps (D:5)
  3 white imps
  2 ufetubi
  A worm (D:2)
  2 dart slugs
  28 orcs
  15 ball pythons
  6 bats
  10 endoplasms
  5 giant cockroaches
  A hobgoblin (D:1)
  3 quokkas
  8 frilled lizards
  7 goblins
  4 goblin zombies
  A hobgoblin zombie (Ossuary)
  13 kobolds
  A kobold zombie (Ossuary)
  An orc zombie (Ossuary)
  23 rats
  A rat zombie (D:5)
267 creatures vanquished.

Vanquished Creatures (others)
  A meliai (D:9)
  8 fulminant prisms
  2 withered plants (D:7)
11 creatures vanquished.

Grand Total: 278 creatures vanquished

Notes
Turn   | Place    | Note
-------+----------+-------------------------------------------
     0 | D:1      | NinjaNoafa the Gnoll Conjurer began the quest for the Orb.
     0 | D:1      | Reached XP level 1. HP: 13/13 MP: 6/6
   131 | D:1      | Reached XP level 2. HP: 17/19 MP: 0/7
   134 | D:1      | Learned a level 2 spell: Searing Ray
   525 | D:1      | Found a shadowy altar of Dithmenos.
   629 | D:2      | Reached skill level 5 in Spellcasting
   629 | D:2      | Reached XP level 3. HP: 20/25 MP: 1/9
   710 | D:2      | Reached skill level 1 in Invocations
   727 | D:2      | Reached skill level 1 in Fighting
   727 | D:2      | Reached skill level 1 in Short Blades
   727 | D:2      | Reached skill level 1 in Long Blades
   727 | D:2      | Reached skill level 1 in Axes
   727 | D:2      | Reached skill level 1 in Maces & Flails
   727 | D:2      | Reached skill level 1 in Polearms
   727 | D:2      | Reached skill level 1 in Staves
   727 | D:2      | Reached skill level 1 in Ranged Weapons
   727 | D:2      | Reached skill level 1 in Throwing
   727 | D:2      | Reached skill level 1 in Armour
   727 | D:2      | Reached skill level 1 in Shields
   727 | D:2      | Reached skill level 1 in Unarmed Combat
   727 | D:2      | Reached skill level 1 in Evocations
   774 | D:2      | Reached XP level 4. HP: 32/32 MP: 4/11
   866 | D:2      | Learned a level 1 spell: Kiss of Death
   880 | D:2      | Reached skill level 1 in Hexes
   880 | D:2      | Reached skill level 1 in Summonings
   880 | D:2      | Reached skill level 1 in Necromancy
   880 | D:2      | Reached skill level 1 in Translocations
   880 | D:2      | Reached skill level 1 in Transmutations
   880 | D:2      | Reached skill level 1 in Fire Magic
   880 | D:2      | Reached skill level 1 in Ice Magic
   880 | D:2      | Reached skill level 1 in Air Magic
   880 | D:2      | Reached skill level 1 in Earth Magic
   880 | D:2      | Reached skill level 1 in Poison Magic
  1142 | D:3      | Identified the +1 leather armour of Qisikust {Str+3}
  1167 | D:3      | Reached XP level 5. HP: 16/37 MP: 4/12
  1466 | D:3      | Noticed Grinder
  1479 | D:3      | Killed Grinder
  1480 | D:3      | Reached skill level 5 in Dodging
  1480 | D:3      | Reached XP level 6. HP: 4/44 MP: 0/14
  1825 | D:4      | Found a transporter.
  1828 | D:4      | Noticed TrollFarmer's ghost (amateur SpEn)
  1833 | D:4      | Found a transporter.
  1866 | D:4      | Reached XP level 7. HP: 11/51 MP: 0/15
  2226 | D:4      | Reached skill level 5 in Stealth
  2435 | D:4      | Found a staircase to the Ecumenical Temple.
  2444 | Temple   | Entered the Ecumenical Temple
  2633 | Temple   | Became a worshipper of Vehumet
  2855 | D:4      | Learned a level 2 spell: Passwall
  2859 | D:4      | Learned a level 3 spell: Dazzling Flash
  2876 | D:5      | Entered Level 5 of the Dungeon
  3055 | D:5      | Found a sand-covered staircase.
  3064 | Ossuary  | Entered an ossuary
  3330 | D:5      | Reached XP level 8. HP: 54/58 MP: 4/16
  3426 | D:5      | Reached * piety under Vehumet
  3426 | D:5      | Offered knowledge of Foxfire by Vehumet.
  3525 | D:5      | Learned a level 3 spell: Hailstorm
  3525 | D:5      | Found an ornate altar of the Wu Jian Council.
  4177 | D:6      | Noticed Blork the orc
  4186 | D:6      | Killed Blork the orc
  4294 | D:6      | Found a glowing drain.
  4325 | Sewer    | Entered a sewer
  4423 | Sewer    | Offered knowledge of Scorch by Vehumet.
  4423 | Sewer    | Reached ** piety under Vehumet
  4552 | Sewer    | Offered knowledge of Ignite Poison by Vehumet.
  4634 | D:6      | HP: 1/43 [orc warrior/+0 scimitar (4)]
  4639 | D:6      | Reached XP level 9. HP: 32/53 MP: 1/18
  4717 | D:6      | Found a shimmering blue altar of Sif Muna.
  4734 | D:6      | Reached skill level 8 in Conjurations
  4741 | D:6      | Reached *** piety under Vehumet
  5141 | D:6      | Found a basalt altar of Yredelemnul.
  5409 | D:7      | Identified a scroll of acquirement
  5415 | D:7      | Learned a level 4 spell: Iskenderun's Mystic Blast
  5420 | D:7      | Learned a level 4 spell: Fulminant Prism
  5420 | D:7      | Acquired 602 gold pieces
  5512 | D:7      | Offered knowledge of Airstrike by Vehumet.
  5584 | D:7      | Reached skill level 5 in Invocations
  6209 | D:8      | Reached **** piety under Vehumet
  6226 | D:8      | Noticed a boulder beetle
  6240 | D:8      | Killed a boulder beetle
  6241 | D:8      | Reached skill level 5 in Fighting
  6241 | D:8      | Reached skill level 5 in Short Blades
  6241 | D:8      | Reached skill level 5 in Long Blades
  6241 | D:8      | Reached skill level 5 in Axes
  6241 | D:8      | Reached skill level 5 in Maces & Flails
  6241 | D:8      | Reached skill level 5 in Polearms
  6241 | D:8      | Reached skill level 5 in Staves
  6241 | D:8      | Reached skill level 5 in Ranged Weapons
  6241 | D:8      | Reached skill level 5 in Throwing
  6241 | D:8      | Reached skill level 5 in Armour
  6241 | D:8      | Reached skill level 5 in Shields
  6241 | D:8      | Reached skill level 5 in Unarmed Combat
  6241 | D:8      | Reached skill level 5 in Evocations
  6241 | D:8      | Reached XP level 10. HP: 18/74 MP: 6/20
  6245 | D:8      | Offered knowledge of Iskenderun's Battlesphere by Vehumet.
  6401 | D:7      | Learned a level 5 spell: Iskenderun's Battlesphere
  6449 | D:8      | Noticed Amaemon
  6457 | D:8      | Noticed an orange demon
  6461 | D:8      | Killed Amaemon
  6466 | D:8      | Killed an orange demon
  6571 | D:8      | Noticed a two-headed ogre
  6571 | D:8      | Found Rogeun's Lightly-Used Armoury.
  6578 | D:8      | Killed a two-headed ogre
  6823 | D:8      | Found Doyg's Armour Shop.
  6868 | D:8      | Reached skill level 5 in Hexes
  6868 | D:8      | Reached skill level 5 in Summonings
  6868 | D:8      | Reached skill level 5 in Necromancy
  6868 | D:8      | Reached skill level 5 in Translocations
  6868 | D:8      | Reached skill level 5 in Transmutations
  6868 | D:8      | Reached skill level 5 in Fire Magic
  6868 | D:8      | Reached skill level 5 in Ice Magic
  6868 | D:8      | Reached skill level 5 in Air Magic
  6868 | D:8      | Reached skill level 5 in Earth Magic
  6868 | D:8      | Reached skill level 5 in Poison Magic
  7010 | D:9      | Reached XP level 11. HP: 71/81 MP: 22/22
  7295 | D:9      | Noticed a two-headed ogre
  7303 | D:9      | Killed a two-headed ogre
  7304 | D:9      | Reached skill level 9 in Conjurations
  7551 | D:9      | Slain by a shadow

Illustrated notes

Levels and vault maps discovered:
D:1:      dpeg_arrival_water_altar, layout_rooms
D:2:      layout_rooms
D:3:      layout_basic, uniq_grinder
D:4:      layout_loops_ring, temple_statues, gammafunk_ghost_smash
D:5:      layout_basic, nicolae_wu_jian_wuxing_cycle, enter_ossuary_4,
          minivault_4, nicolae_zen_rock_garden, hellmonk_no_cap
D:6:      layout_loops_cross, mainiacjoe_overflow_large_starburst,
          gup_sewer_entry_glass, uniq_blork_the_orc
D:7:      layout_loops_cross, serial_undead, serial_undead_e, serial_undead_c,
          serial_undead_b, serial_undead_c
D:8:      minmay_spotlight, layout_cave_pools, serial_shops, shop,
          reono_crystal_passage, minmay_shop_damaged, uniq_amaemon
D:9:      minmay_the_grid_triangle_9x9_rhombus_full
          [minmay_the_grid_triangle_9x9_skeleton,
          minmay_the_grid_triangle_9x9_fully_insulated_deathbox,
          minmay_the_grid_triangle_9x9_negative_grid,
          minmay_the_grid_triangle_9x9_wacky_v,
          minmay_the_grid_triangle_9x9_cache,
          minmay_the_grid_triangle_9x9_limited_checkers,
          minmay_the_grid_triangle_9x9_shrine,
          minmay_the_grid_triangle_9x9_prize_schism], layout_gridville,
          mainiacjoe_overflow_brackets, grunt_ministairs_4,
          minmay_pinched_square
Temple:   bh_familiar_temple

Skill      XL: |  1  2  3  4  5  6  7  8  9 10 11 |
---------------+----------------------------------+-----
Spellcasting   | 5 6 7 8 |  8.3
Invocations    | 1 2 3 4 5 6 7 |  7.2
Fighting       | 1 2 3 4 5 6 |  6.5
Short Blades   | 1 2 3 4 5 6 |  6.5
Long Blades    | 1 2 3 4 5 6 |  6.5
Axes           | 1 2 3 4 5 6 |  6.5
Maces & Flails | 1 2 3 4 5 6 |  6.5
Polearms       | 1 2 3 4 5 6 |  6.5
Staves         | 1 2 3 4 5 6 |  6.5
Ranged Weapons | 1 2 3 4 5 6 |  6.5
Throwing       | 1 2 3 4 5 6 |  6.5
Armour         | 1 2 3 4 5 6 |  6.5
Shields        | 1 2 3 4 5 6 |  6.5
Unarmed Combat | 1 2 3 4 5 6 |  6.5
Evocations     | 1 2 3 4 5 6 |  6.5
Hexes          | 1 2 3 4 5 |  5.4
Summonings     | 1 2 3 4 5 |  5.4
Necromancy     | 1 2 3 4 5 |  5.4
Translocations | 1 2 3 4 5 |  5.4
Transmutations | 1 2 3 4 5 |  5.4
Fire Magic     | 1 2 3 4 5 |  5.4
Ice Magic      | 1 2 3 4 5 |  5.4
Air Magic      | 1 2 3 4 5 |  5.4
Earth Magic    | 1 2 3 4 5 |  5.4
Poison Magic   | 1 2 3 4 5 |  5.4
Dodging        | 5 6 7 8 |  8.1
Stealth        | 5 6 7 |  7.8
Conjurations   | 8 9 |  9.0

Action                     |  1- 3 |  4- 6 |  7- 9 | 10-12 || total
---------------------------+-------+-------+-------+-------++-------
  Melee: Short sword       |    19 |    31 |    91 |    30 ||   171
         Bite              |     2 |       |    20 |     3 ||    25
         Punch             |       |     1 |     2 |       ||     3
         Rapier            |       |     1 |    56 |       ||    57
         Long sword        |       |       |    44 |       ||    44
  Throw: Dart              |       |       |     3 |       ||     3
   Cast: Magic Dart        |    12 |     9 |    19 |    54 ||    94
         Searing Ray       |    11 |    17 |    76 |     1 ||   105
         Passwall          |       |       |     4 |       ||     4
         Hailstorm         |       |       |    24 |     8 ||    32
         Kiss of Death     |       |       |     3 |     3 ||     6
         Dazzling Flash    |       |       |     3 |     1 ||     4
         Iskenderun's Myst |       |       |     7 |    21 ||    28
         Fulminant Prism   |       |       |     4 |     4 ||     8
         Iskenderun's Batt |       |       |       |    17 ||    17
  Evoke: Wand              |       |       |       |     3 ||     3
    Use: Scroll            |       |       |    21 |     5 ||    26
         Potion            |       |       |     2 |       ||     2
   Stab: Sleeping          |     1 |     1 |     7 |       ||     9
 Armour: Robe              |     8 |     6 |    84 |    45 ||   143
         Leather armour    |       |       |    37 |       ||    37
         Acid dragon scale |       |       |       |     2 ||     2
  Dodge: Dodged            |    32 |    24 |   251 |    81 ||   388
